Selects Airborne Battlegroup
Selects Heavy Machine Gun Paradrop
Selects Heavy Machine Gun Paradrop
Heavy Machine Gun Paradrop
Construct Weapon Support Center
Heavy Machine Gun Paradrop
Mechanized Support Center
M3 Armored Personnel Carrier
Improved M9 Bazooka Rockets
Selects Paratrooper Squad Paradrop
Paratrooper Squad Paradrop
Paratrooper Squad Paradrop
Heavy Machine Gun Paradrop
Selects Anti-tank Gun Team Paradrop